 Dungeon Crawl Stone Soup version 0.21-a0-584-g185da8e (webtiles) character file.

130 tatersauce the Ruffian (level 4, 0/41 HPs)
             Began as a Minotaur Monk on Dec 21, 2017.
             Slain by a slave (4 damage)
             ... led by Pikel
             ... on level 3 of the Dungeon.
             The game lasted 00:21:41 (1951 turns).

tatersauce the Ruffian (Minotaur Monk)              Turns: 1951, Time: 00:21:42

Health: 0/41       AC:  4    Str: 15    XL:     4   Next: 90%
Magic:  3/3        EV: 14    Int:  7    God:
Gold:   94         SH:  0    Dex: 14    Spells: 3/3 levels left

rFire    . . .     SeeInvis .     - Unarmed
rCold    . . .     Gourm    .   (no shield)
rNeg     . . .     Faith    .   B - +0 robe
rPois    .         Spirit   .   A - +2 hat
rElec    .         Reflect  .   (no cloak)
rCorr    .         Harm     .   (no gloves)
MR       .....                  (no boots)
Stlth    ++........             (no amulet)
HPRegen  0.13/turn              (no ring)
MPRegen  0.08/turn              (no ring)

@: no status effects
A: retaliatory headbutt, horns 2
a: no special abilities


You were on level 3 of the Dungeon.
You were not hungry.

You visited 1 branch of the dungeon, and saw 4 of its levels.

You collected 94 gold pieces.

Inventory:

Hand Weapons
 c - a +0 dagger
 f - a +0 club
 i - a +0 hand axe
 l - a +0 club
 p - a cursed -2 dagger
 q - a +0 hunting sling
 s - a +0 dagger
 v - a +0 club
 w - a +1 dagger of venom
 y - a +0 spear
 z - a +0 dagger
 D - a +0 falchion
 F - a +0 club
 H - a +0 short sword
Missiles
 d - 30 bolts (quivered)
 e - 22 arrows
 r - 28 stones
Armour
 a - a +0 robe
 g - a cursed +0 chain mail
 h - a +0 ring mail
 k - a +0 robe
 o - a +0 leather armour
 x - a +0 helmet
 A - a +2 hat (worn)
 B - a +0 robe (worn)
 E - a +0 chain mail
Scrolls
 u - a scroll of remove curse
 C - a scroll of teleportation
Potions
 j - a potion of brilliance {unknown}
 m - 2 potions of curing {unknown}
 n - a potion of agility {unknown}
 t - 2 potions of might {unknown}
 G - a potion of ambrosia {unknown}
 I - a potion of magic {unknown}
Comestibles
 b - 3 rations


   Skills:
 + Level 4.3 Fighting
 + Level 0.6 Armour
 + Level 4.1 Dodging
 + Level 2.1 Stealth
 + Level 4.8 Unarmed Combat


You had 3 spell levels left.
You didn't know any spells.

Dungeon Overview and Level Annotations

Branches:
Dungeon (4/15)
 Temple: D:4-7

Altars:


Innate Abilities, Weirdness & Mutations

You reflexively headbutt those who attack you in melee.
You have a pair of horns on your head.


Message History

The slave hits you.
* * * LOW HITPOINT WARNING * * *
There is a stone staircase leading down here.
The slave barely misses you.
There is a stone staircase leading up here.
The slave hits you.
* * * LOW HITPOINT WARNING * * *
You climb upwards.
There is a stone staircase leading down here.
You hit the slave but do no damage. Your headbutt misses the slave.
The slave is severely wounded.
The slave hits you!
* * * LOW HITPOINT WARNING * * *
The slave completely misses you. The slave hits you.
* * * LOW HITPOINT WARNING * * *
The slave misses you. You furiously retaliate!
You headbutt the slave. The slave barely misses you. The slave hits you.
You die...

##.#.# ##...### ##.#.########.
..# #.....# ##.#.........# #.#
#.....#
##.....######.#..#########.....##
######.# #.#.##.....##.......
######.#######.#.##.##.....#####>
..................#.#......# #.
#######...........#.#...##.# #. #
##...#####..@.#.....##.# #†
#####.....## #...p.........# #.
...........# #.#.#.......#.......
#..##......###.#.##.....######.##
#..###......##.#.###...## #. #..#
##<#.#.##.#.# ##..# .
#..####...#....#.# #.... .. #
#..#.†..#####..#.# #.#### ##
.....##...#...##.# #.#


You could see a slave.

Vanquished Creatures
  A slave (D:4)
  A worker ant (D:4)
  5 adders
  An ooze (D:3)
  A worm (D:3)
  2 dart slugs
  A leopard gecko (D:3)
  An orc (D:3)
  A giant cockroach (D:2)
  4 goblins
  9 hobgoblins
  3 jackals (D:3)
  5 kobolds
  2 quokkas (D:3)
  5 bats
  3 frilled lizards
  5 rats
50 creatures vanquished.

Notes
Turn   | Place    | Note
-------+----------+-------------------------------------------
     0 | D:1      | tatersauce the Minotaur Monk began the quest for the Orb.
     0 | D:1      | Reached XP level 1. HP: 19/19 MP: 0/0
   197 | D:1      | Reached XP level 2. HP: 27/27 MP: 1/1
   666 | D:2      | Reached XP level 3. HP: 29/33 MP: 2/2
  1443 | D:3      | Reached XP level 4. HP: 24/40 MP: 3/3
  1889 | D:4      | Noticed a slave
  1895 | D:4      | Noticed a slave
  1896 | D:4      | Noticed a slave
  1910 | D:4      | Killed a slave
  1936 | D:3      | HP: 2/41 [slave[Pikel] (3)]
  1951 | D:3      | Slain by a slave

Vault maps used:
D:1:      lemuel_arrival_cross, roderic_lattice_a
D:2:      first_ration, grunt_ministairs_3, columned_hall_lemuel
D:3:      kennysheep_the_goblin_king
D:4:      lemuel_round_altar, minmay_temple_entry_junction, uniq_pikel

Skill      XL: |  1  2  3  4 |
---------------+-------------+-----
Fighting       | 4 |  4.3
Unarmed Combat | 4 |  4.8
Stealth        | 2 |  2.1
Dodging        | 4 |  4.1
Armour         | |  0.6

Action                   |  1- 3 |  4- 6 || total
-------------------------+-------+-------++-------
Melee: Unarmed           |    77 |    52 ||   129
       Headbutt          |    13 |    12 ||    25
       Punch             |     3 |     2 ||     5
  Use: Scroll            |     2 |     3 ||     5
 Stab: Sleeping          |     1 |       ||     1
  Eat: Ration            |     1 |       ||     1
Armor: Leather armour    |     5 |       ||     5
       Robe              |     1 |     3 ||     4
Dodge: Dodged            |    67 |    45 ||   112

Table legend:
 A = Spawn XP
 B = Non-spawn XP
 C = Spawn XP percentage of total XP
 D = Spawn monster count
 E = Non-spawn monster count
 F = Spawn count percentage of total count
 G = Total turns spent on level
                    A         B        C        D         E        F      G
               +---------+---------+-------+---------+---------+-------+---------
         Total |       0 |     187 |   0.0 |       0 |      49 |   0.0 |  1951
               +---------+---------+-------+---------+---------+-------+---------
           D:1 |       0 |      18 |   0.0 |       0 |      10 |   0.0 |   557
           D:2 |       0 |      64 |   0.0 |       0 |      17 |   0.0 |   727
           D:3 |       0 |      69 |   0.0 |       0 |      21 |   0.0 |   627
           D:4 |       0 |      36 |   0.0 |       0 |       1 |   0.0 |    40
               +---------+---------+-------+---------+---------+-------+---------
